 Dungeon Crawl Stone Soup version 0.30-a0-691-g754fce4c43 (webtiles) character file.

Game seed: 3772661290536372458

9441 Oxelix the Severer (level 11, -9/95 HPs)
             Began as a Minotaur Fighter on Jan 19, 2023.
             Was a Believer of Ashenzari.
             Mangled by Urug
             ... wielding a +2 double sword
              (21 damage)
             ... on level 11 of the Dungeon.
             The game lasted 00:27:03 (13523 turns).

Oxelix the Severer (Minotaur Fighter)              Turns: 13523, Time: 00:27:03

Health: -9/95      AC: 21    Str: 24    XL:     11   Next: 23%
Magic:  10/10      EV:  6    Int: 11    God:    Ashenzari [**....]
Gold:   426        SH: 12    Dex: 11    Spells: 10/10 levels left

rFire   + . .      SeeInvis +    a - +0 war axe of the Unyielding Gaze {Fort, Cun} (curse)
rCold   . . .      Faith    .    E - +1 kite shield of Supernal Wisdom {rF+, Fort, Evo} (curse)
rNeg    . . .      Spirit   .    K - +0 plate armour
rPois   .          Reflect  .    (helmet restricted)
rElec   .          Harm     .    N - +2 cloak
rCorr   +          Rampage  .    O - +0 pair of gloves
Will    .....                    G - +0 pair of boots of the Eye in the Sky {Range, Alch} (curse) Stlth
                                 s - amulet of magic regeneration
HPRegen 0.35/turn                z - +6 ring of intelligence
MPRegen 0.52/turn                P - ring of resist corrosion

@: no status effects
A: horns 2, retaliatory headbutt
a: Renounce Religion, Shatter the Chains


You were on level 11 of the Dungeon.
You worshipped Ashenzari.
Ashenzari was pleased with you.
You visited 1 branch of the dungeon, and saw 11 of its levels.

You collected 708 gold pieces.
You spent 282 gold pieces at shops.

Inventory:

Hand Weapons
 a - the cursed +0 war axe of the Unyielding Gaze (weapon) {Fort, Cun}

   It has a curse which improves the following skills: Fortitude: Armour and
   Shields.
   Cunning:   Dodging and Stealth.
 D - a +1 trident of venom
 F - a +3 trident of freezing
 J - a +4 battleaxe
Missiles
 b - 2 curare-tipped darts
 m - 10 boomerangs (quivered)
 x - 13 poisoned darts
 M - 3 silver javelins
 Q - 3 atropa-tipped darts
Armour
 E - the cursed +1 kite shield of Supernal Wisdom (worn) {rF+, Fort, Evo}
   (You bought it in a shop on level 7 of the Dungeon)

   rF:        It protects you from fire.
   It has a curse which improves the following skills: Fortitude: Armour and
   Shields.
   Evocations: Evocations.
 G - the cursed +0 pair of boots of the Eye in the Sky (worn) {Range, Alch}
   (You found it on level 3 of the Dungeon)

   It has a curse which improves the following skills: Ranged Combat: Ranged
   Weapons and Throwing.
   Alchemy:   Poison Magic and Transmutations.
 K - a +0 plate armour (worn)
 N - a +2 cloak (worn)
 O - a +0 pair of gloves (worn)
Jewellery
 k - an amulet of faith
 s - an amulet of magic regeneration (around neck)
 z - a +6 ring of intelligence (left hand)
 H - a ring of fire
 P - a ring of resist corrosion (right hand)
Wands
 r - a wand of charming (6)
 w - a wand of flame (20)
 L - a wand of iceblast (2)
Scrolls
 e - 2 scrolls of poison
 f - a scroll of enchant armour
 i - 15 scrolls of identify
 j - 2 scrolls of fog
 p - 2 scrolls of summoning
 q - 2 scrolls of brand weapon
 t - 5 scrolls of teleportation
 v - 3 scrolls of torment
 y - a scroll of fear
 A - a scroll of magic mapping
 C - a scroll of enchant weapon
Potions
 c - a potion of magic
 d - a potion of might
 g - 2 potions of ambrosia
 h - 4 potions of mutation
 l - 3 potions of attraction
 n - 4 potions of brilliance
 o - 4 potions of curing
 u - 4 potions of haste
 B - 2 potions of flight
 I - a potion of lignification


   Skills:
 + Level 8.5 Fighting
 - Level 16.0 Axes
 + Level 2.1(3.1) Throwing
 - Level 9.0(11.0) Armour
 - Level 8.0(10.0) Shields


You had 10 spell levels left.
You didn't know any spells.
Your spell library contained the following spells:

 Spells                   Type           Power      Damage    Failure   Level
 Freeze                   Ice            0%         1d3       100%        1
 Slow                     Hex            0%         N/A       100%        1
 Sting                    Tmut/Pois      0%         1d3       100%        1
 Ensorcelled Hibernation  Hex/Ice        0%         N/A       100%        2
 Passwall                 Tmut/Erth      0%         N/A       100%        2
 Poisonous Vapours        Pois/Air       0%         N/A       100%        2
 Static Discharge         Conj/Air       0%         2-2/arc   100%        2
 Call Canine Familiar     Summ           0%         N/A       100%        3
 Confusing Touch          Hex            0%         N/A       100%        3
 Frozen Ramparts          Ice            0%         1d1       100%        3
 Hailstorm                Conj/Ice       0%         3d3       100%        3
 Portal Projectile        Hex/Tloc       0%         N/A       100%        3
 Spider Form              Tmut/Pois      0%         N/A       100%        3
 Swiftness                Air            0%         N/A       100%        3
 Vampiric Draining        Necr           0%         2d6       100%        3
 Vhi's Electric Charge    Tloc/Air       0%         N/A       100%        3
 Anguish                  Hex/Necr       0%         N/A       100%        4
 Leda's Liquefaction      Hex/Erth       0%         N/A       100%        4
 Olgreb's Toxic Radiance  Pois           0%         N/A       100%        4
 Arcjolt                  Conj/Air       0%         1d10      100%        5
 Lightning Bolt           Conj/Air       0%         1d11      100%        5


Dungeon Overview and Level Annotations

Branches:
Dungeon (11/15)            Temple (0/1) D:5            Lair (0/5) D:8
    Orc: D:9-12

Altars:
Ashenzari
Fedhas
Gozag
Hepliaklqana
Kikubaaqudgha
Makhleb
Okawaru
Qazlal
Ru
Trog
Vehumet
Wu Jian
Xom
Yredelemnul
Zin
The Shining One
Lugonu

Shops:
D:7 [   D:11 *

Portals:
Abyss: D:3 D:8

Annotations:
D:3 2 transporters, TimeIsEndless's ghost, amateur OgWr
D:7 2 transporters, tabbu's ghost, novice OgBe
D:8 2 runed translucent doors
D:10 3 runed translucent doors, WasteTime5's ghost, novice OpAE
D:11 Urug


Innate Abilities, Weirdness & Mutations

You have a pair of horns on your head.
You reflexively headbutt those who attack you in melee.


Message History

You block the vampire mosquito's attack.
You block Urug's attack.
The vampire mosquito bites you but does no damage.
The vampire mosquito bites you.
The vampire mosquito draws strength from your injuries!
You closely miss Urug.
Urug is severely wounded.
You closely miss the vampire mosquito. You hit the vampire mosquito.
The vampire mosquito barely misses you.
You block the vampire mosquito's attack.
Urug hits you but does no damage.
You slash Urug!
Urug is severely wounded.
You miss the vampire mosquito. x2; The vampire mosquito barely misses you.
The vampire mosquito bites you but does no damage.
You block the vampire mosquito's attack.
The vampire mosquito bites you but does no damage.
Urug hits you with a +2 double sword!
You slash Urug!
Urug is almost dead.
You slash the vampire mosquito! You barely miss the vampire mosquito.
The vampire mosquito bites you!
The vampire mosquito draws strength from your injuries!
The vampire mosquito bites you but does no damage.
You block the vampire mosquito's attack.
The vampire mosquito bites you but does no damage.
You barely miss Urug.
Urug is almost dead.
You hit the vampire mosquito. You slash the vampire mosquito!
You destroy the vampire mosquito!
Urug hits you with a +2 double sword!
* * * LOW HITPOINT WARNING * * *
The vampire mosquito bites you but does no damage.
You barely miss Urug.
Urug is almost dead.
You barely miss the vampire mosquito. The vampire mosquito bites you.
* * * LOW HITPOINT WARNING * * *
The vampire mosquito draws strength from your injuries!
Urug hits you with a +2 double sword!!
You die...

##+#### #........#######
, ** #........# # .
##+####### ## #.* * ##.
... , ########+### #..
*, ...., *#..........#
##.# .....,##..........#
#... ......#y..........#
#...
.......@..........###...
,
......o#..........#.....
......##..........'.#...
, ......
#......)...###... #####
#..........# ####
############


You could see Urug and a vampire mosquito.

Vanquished Creatures
  Erica (D:10)
  A boulder beetle (D:11)
  A two-headed ogre (D:8)
  Sonja (D:10)
  A cyclops (D:10)
  A manticore (D:8)
  Maurice (D:9)
  A troll (D:9)
  A wyvern (D:8)
  A basilisk (D:11)
  Grum (D:10)
  2 vampire mosquitoes (D:11)
  3 water moccasins
  3 orc warriors
  2 ice beasts
  3 black bears
  An ogre (D:5)
  6 centaurs
  2 wolves (D:10)
  A phantom (D:5)
  2 kobold brigands
  A bullfrog (D:8)
  A gnoll sergeant (D:9)
  13 wights
  8 killer bees
  4 howler monkeys
  7 orc priests
  A jelly (D:4)
  5 hounds
  A gnoll bouda (D:3)
  3 iguanas
  Natasha (thrice) (D:3)
  13 orc wizards
  4 gnolls (D:9)
  9 adders
  2 white imps
  An ufetubus (D:7)
  2 worms
  A dart slug (D:1)
  29 orcs
  2 bats
  6 endoplasms
  6 giant cockroaches
  10 goblins
  9 hobgoblins
  5 jackals
  3 quokkas
  A ball python (D:1)
  2 frilled lizards
  13 kobolds
  4 rats
205 creatures vanquished.

Vanquished Creatures (collateral kills)
  2 gargoyles (D:11)
  A basilisk (D:11)
  An earth elemental (D:11)
4 creatures vanquished.

Vanquished Creatures (others)
  10 fungi
  5 plants (D:7)
15 creatures vanquished.

Grand Total: 224 creatures vanquished

Notes
Turn   | Place    | Note
-------+----------+-------------------------------------------
     0 | D:1      | Oxelix the Minotaur Fighter began the quest for the Orb.
     0 | D:1      | Reached XP level 1. HP: 19/19 MP: 0/0
   145 | D:1      | Reached skill level 3 in Axes
   270 | D:1      | Reached XP level 2. HP: 27/27 MP: 1/1
   860 | D:2      | Noticed a black bear
   868 | D:2      | Killed a black bear
   869 | D:2      | Reached skill level 4 in Axes
   869 | D:2      | Reached XP level 3. HP: 23/34 MP: 2/2
   869 | D:2      | Reached XP level 4. HP: 28/41 MP: 3/3
  1054 | D:2      | Reached skill level 5 in Axes
  1669 | D:3      | Reached XP level 5. HP: 47/47 MP: 4/4
  1671 | D:3      | Reached skill level 5 in Fighting
  1976 | D:3      | Noticed Natasha
  1978 | D:3      | Killed Natasha
  1979 | D:3      | Reached skill level 6 in Axes
  1987 | D:3      | Found a transporter.
  1987 | D:3      | Noticed a small abomination
  1990 | D:3      | Noticed a small abomination
  2041 | D:3      | Found a transporter.
  2109 | D:3      | Noticed Natasha
  2113 | D:3      | Killed Natasha
  2134 | D:3      | Noticed TimeIsEndless's ghost (amateur OgWr)
  2411 | D:3      | Noticed an orc warrior
  2413 | D:3      | Found a basalt altar of Yredelemnul.
  2414 | D:3      | Found a shimmering altar of Xom.
  2426 | D:3      | Reached skill level 7 in Axes
  2426 | D:3      | Reached XP level 6. HP: 34/56 MP: 5/5
  2428 | D:3      | Found a hazy altar of Hepliaklqana.
  2609 | D:3      | Found a transporter.
  2621 | D:3      | Found a transporter.
  2646 | D:3      | Noticed Natasha
  2653 | D:3      | Killed Natasha
  2781 | D:4      | Found an ancient bone altar of Kikubaaqudgha.
  2820 | D:4      | Noticed an ice beast
  2832 | D:4      | Killed an ice beast
  2833 | D:4      | Reached skill level 8 in Axes
  3035 | D:4      | Found a broken altar of Ashenzari.
  3075 | D:4      | Became a worshipper of Ashenzari the Shackled
  3231 | D:4      | Found a glowing silver altar of Zin.
  3249 | D:4      | Found an iron altar of Okawaru.
  3402 | D:5      | Entered Level 5 of the Dungeon
  3416 | D:5      | Reached XP level 7. HP: 60/61 MP: 6/6
  3432 | D:5      | Found an ornate altar of the Wu Jian Council.
  3450 | D:5      | Reached skill level 9 in Axes
  3540 | D:5      | Found a staircase to the Ecumenical Temple.
  3664 | D:4      | Found a radiant altar of Vehumet.
  3867 | D:5      | Reached skill level 10 in Axes
  4045 | D:5      | Found an opulent altar of Gozag.
  4121 | D:5      | Reached XP level 8. HP: 42/68 MP: 7/7
  4524 | D:6      | Reached * piety under Ashenzari
  4531 | D:6      | Reached skill level 11 in Axes
  4841 | D:6      | Found a glowing golden altar of the Shining One.
  5681 | D:7      | Reached ** piety under Ashenzari
  5689 | D:7      | Found Aceacv Yvvat's Armour Emporium.
  5971 | D:7      | Reached skill level 12 in Axes
  5971 | D:7      | Reached skill level 5 in Armour
  6224 | D:7      | Noticed a queen bee
  6234 | D:7      | Noticed a hornet
  6248 | D:7      | Found a transporter.
  6478 | D:7      | Found a sacrificial altar of Ru.
  6928 | D:7      | Bought the +1 kite shield "Jistecwu" {rF+} for 282 gold
                  | pieces
  7304 | D:7      | Noticed tabbu's ghost (novice OgBe)
  7310 | D:7      | Found a transporter.
  7652 | D:3      | Reached XP level 9. HP: 14/74 MP: 8/8
  7904 | D:3      | Found a one-way gate to the infinite horrors of the Abyss.
  8041 | D:8      | Noticed a purple ugly thing
  8042 | D:8      | Noticed a kobold demonologist
  8070 | D:8      | Noticed a manticore
  8086 | D:8      | Killed a manticore
  8087 | D:8      | Reached skill level 13 in Axes
  8381 | D:8      | Found a staircase to the Lair.
  8477 | D:8      | Noticed a two-headed ogre
  8491 | D:8      | Killed a two-headed ogre
  8492 | D:8      | Reached skill level 5 in Shields
  8809 | D:8      | Found a large runed translucent door.
  8810 | D:8      | Found a large runed translucent door.
  8810 | D:8      | Found a corrupted altar of Lugonu.
  8810 | D:8      | Noticed a white ugly thing
  8906 | D:8      | Reached skill level 14 in Axes
  9698 | D:9      | Identified the +2 pair of boots of Morality {-Tele Harm rF+
                  | Stlth+}
  9904 | D:9      | Noticed Maurice
  9957 | D:9      | Reached XP level 10. HP: 58/83 MP: 9/9
 10065 | D:9      | Killed Maurice
 11387 | D:10     | Entered Level 10 of the Dungeon
 11510 | D:10     | Noticed Erica
 11540 | D:10     | Killed Erica
 11541 | D:10     | Reached skill level 15 in Axes
 11805 | D:10     | Noticed Grum
 11832 | D:10     | Killed Grum
 11954 | D:10     | Found a burning altar of Makhleb.
 11984 | D:10     | Noticed Sonja
 12015 | D:10     | Killed Sonja
 12256 | D:10     | Found a blossoming altar of Fedhas.
 12256 | D:10     | Found a faded altar of an unknown god.
 12268 | D:10     | Found a faded altar of an unknown god.
 12270 | D:10     | Found a stormy altar of Qazlal.
 12272 | D:10     | Found a bloodstained altar of Trog.
 12618 | D:10     | Noticed WasteTime5's ghost (novice OpAE)
 12618 | D:10     | Noticed an orc knight
 12627 | D:10     | Found a runed translucent gate.
 12627 | D:10     | Found a runed translucent gate.
 12627 | D:10     | Found a runed translucent gate.
 12646 | D:10     | Noticed a cyclops
 12660 | D:10     | Killed a cyclops
 12889 | D:10     | a polar bear changed into a guardian serpent
 12889 | D:10     | Noticed a guardian serpent (shapeshifter)
 12963 | D:11     | Noticed a gargoyle
 12963 | D:11     | Noticed a gargoyle
 12965 | D:11     | Found Popuonau's Pet Rocks.
 12999 | D:11     | Reached XP level 11. HP: 36/94 MP: 10/10
 13240 | D:11     | Noticed a boulder beetle
 13258 | D:11     | Killed a boulder beetle
 13259 | D:11     | Reached skill level 16 in Axes
 13259 | D:11     | Reached skill level 1 in Throwing
 13508 | D:11     | Noticed Urug
 13523 | D:11     | Mangled by Urug

Illustrated notes

Levels and vault maps discovered:
D:1:      dpeg_arrival_yet_another_circle, layout_basic
D:2:      layout_basic, minmay_close_crescents
D:3:      layout_basic, gammafunk_temple_overflow_arena,
          gammafunk_ghost_abyssal_escape, guppyfry_early_orc_mine, uniq_natasha
D:4:      layout_cave_pools, mainiacjoe_overflow_six_doors_small,
          lemuel_tele_altar, nicolae_overflow_hidden_temple, zin_treasury,
          mainiacjoe_overflow_boulevard
D:5:      layout_basic, grunt_gozag_statues, amcnicky_altar_gilded,
          minmay_temple_entry_proselytizer
D:6:      layout_layer_cave, tso_metal_star
D:7:      layout_loops_ring, nicolae_ru_the_path_less_chosen, serial_shops,
          nicolae_shop_statue_plus, gammafunk_ghost_hive
D:8:      due_chaos_kobolds, layout_cave_pods
D:9:      layout_basic, uniq_maurice
D:10:     layout_basic, chequers_temple_overflow_minitemple,
          mainiacjoe_overflow_alcove_4, gammafunk_ghost_split, uniq_sonja,
          uniq_erica, uniq_grum
D:11:     layout_roguey, orc_0_dummy, guppyfry_shop_earth, uniq_urug

Skill      XL: |  1  2  3  4  5  6  7  8  9 10 11 |
---------------+----------------------------------+-----
Axes           | 3 4 5 7 8 10 12 14 15 16 | 16.0
Fighting       | 4 5 6 7 8 |  8.5
Armour         | 6 7 9 |  9.0
Shields        | 5 7 8 |  8.0
Throwing       | 2 |  2.1

Action                   |  1- 3 |  4- 6 |  7- 9 | 10-12 || total
-------------------------+-------+-------+-------+-------++-------
Melee: War axe           |    33 |   151 |   217 |   245 ||   646
       Headbutt          |     5 |    21 |    31 |    43 ||   100
Throw: Dart              |       |       |     4 |    16 ||    20
       Boomerang         |       |       |     4 |    10 ||    14
Invok: Curse Item        |       |       |     4 |     1 ||     5
       Shatter the Chain |       |       |     1 |     1 ||     2
Evoke: Wand              |       |       |     2 |       ||     2
  Use: Potion            |       |       |     4 |     7 ||    11
       Scroll            |       |       |       |     1 ||     1
 Stab: Petrified         |       |       |       |     2 ||     2
Armor: Scale mail        |    14 |    66 |    85 |    31 ||   196
       Plate armour      |       |       |       |   126 ||   126
Dodge: Dodged            |    13 |    55 |   106 |    69 ||   243
Block: Buckler           |     7 |    30 |    33 |       ||    70
       Kite shield       |       |       |    44 |   133 ||   177

Table legend: (Time is in decaauts)
 A = Elapsed time spent in this place.
 B = Non-inter-level travel time spent in this place.
 C = Inter-level travel time spent in this place.
 D = Time resting spent in this place.
 E = Time spent auto-exploring this place.
 F = Levels seen in this place.
 G = Mean time per level.
                   A        B        C        D        E       F      G
               +--------+--------+--------+--------+--------+-----+--------+
         Total |  13587 |  12730 |    857 |   3826 |   6535 |  11 | 1235.2 |
       Dungeon |  13587 |  12730 |    857 |   3826 |   6535 |  11 | 1235.2 |
               +--------+--------+--------+--------+--------+-----+--------+

Top non-repeatable levels by time:
     D:9: 1708 daAuts
     D:6: 1702 daAuts
     D:8: 1574 daAuts
     D:7: 1534 daAuts
     D:3: 1451 daAuts
    D:10: 1443 daAuts
     D:5: 1159 daAuts
     D:2: 875 daAuts
     D:1: 811 daAuts
     D:4: 764 daAuts
    D:11: 562 daAuts
